AoeStats
← [Fx、]AirDk

Arena

509937092Analyzed
2v2 RM · 2d ago on Sep 28, 2026· 52m 41s· 4 players
Game mode
Random Map
Map size
Medium (4 player)
Population
200
Speed
Normal
Resources
Standard
Victory
Conquest
Starting age
Dark Age
Ending age
Imperial Age
RankedLock teamsTeams togetherTeam positionsShared explorationLock speedFull tech treeHidden civsTurbo modeCheats
Victory
Defeat
🇳🇱 Bohemians · Netherlands
1587
+16
🇳🇱 Bengalis · Netherlands
1580
+16
🇨🇳 Mongols · China
1712
-21
🇨🇳 Khmer · China
1466
-11
J8S
10:27 Feudal Age
12:23 Loom
15:44 Castle Age
17:00 Horse Collar
21:01 Redemption
22:14 Fervor
28:27 Imperial Age
27:09 Double-Bit Axe
28:49 Sanctity
28:52 Bow Saw
30:11 Fletching
31:29 Chemistry
33:31 Heavy Plow
34:33 Two-Man Saw
37:22 Theocracy
37:03 Block Printing
37:11 Block Printing
39:48 Elite Skirmisher
40:25 Bodkin Arrow
44:54 Ballistics
44:44 Masonry
44:13 Pikeman
44:54 Scale Mail Armor
45:04 Forging
45:24 Bracer
45:25 Halberdier
46:48 Padded Archer Armor
47:29 Wheelbarrow
47:42 Conscription
49:12 Leather Archer Armor
50:07 Chain Mail Armor
50:33 Iron Casting
50:38 Squires
51:27 Wagenburg Tactics
52:06 Ring Archer Armor
52:07 Plate Mail Armor
52:43 Blast Furnace
52:46 Hand Cart
52:17 Town Watch
53:14 Town Patrol
CornelVS1
7:09 Loom
10:20 Feudal Age
15:37 Castle Age
14:02 Double-Bit Axe
14:58 Horse Collar
15:10 Gold Mining
16:37 Bow Saw
24:09 Wheelbarrow
23:42 Heavy Plow
29:52 Imperial Age
27:46 Husbandry
27:57 Bloodlines
27:55 Scale Barding Armor
27:52 Town Watch
28:44 Town Patrol
30:15 Chain Barding Armor
30:07 Scale Mail Armor
30:18 Forging
31:07 Conscription
30:18 Pikeman
30:58 Squires
31:06 Halberdier
32:05 Chain Mail Armor
33:26 Iron Casting
32:44 Gambesons
34:46 Hand Cart
35:12 Elite Elephant Archer
35:47 Elite Battle Elephant
37:05 Plate Barding Armor
37:32 Blast Furnace
36:22 Fletching
37:04 Elite Skirmisher
38:52 Chemistry
38:13 Ballistics
38:15 Light Cavalry
39:40 Mahayana
42:03 Bodkin Arrow
42:09 Padded Archer Armor
43:21 Paiks
42:44 Elite Elephant Archer
44:32 Bracer
44:47 Leather Archer Armor
46:14 Two-Man Saw
45:55 Gold Shaft Mining
______小小的蓝天
9:15 Feudal Age
12:51 Castle Age
11:11 Double-Bit Axe
11:51 Horse Collar
15:08 Bow Saw
19:35 Loom
22:32 Wheelbarrow
25:08 Fletching
27:48 Gold Mining
28:24 Town Watch
29:22 Hand Cart
33:14 Imperial Age
31:02 Scale Barding Armor
32:03 Bodkin Arrow
33:40 Padded Archer Armor
34:26 Bracer
33:49 Heavy Cavalry Archer
34:41 Thumb Ring
35:02 Parthian Tactics
35:47 Chemistry
34:22 Capped Ram
36:33 Ballistics
36:30 Bloodlines
36:20 Husbandry
36:56 Siege Ram
40:13 Light Cavalry
44:22 Forging
48:36 Elite Skirmisher
52:25 Iron Casting
[Fx、]AirDk
10:24 Feudal Age
13:24 Castle Age
11:50 Double-Bit Axe
11:46 Horse Collar
18:21 Town Watch
26:55 Imperial Age
24:15 Loom
25:06 Wheelbarrow
24:42 Bow Saw
24:33 Heavy Plow
25:43 Gold Mining
26:22 Husbandry
26:32 Bloodlines
27:06 Hand Cart
27:23 Scale Barding Armor
27:37 Forging
27:13 Elite Battle Elephant
28:28 Chain Barding Armor
29:50 Iron Casting
30:31 Plate Barding Armor
30:21 Conscription
30:11 Devotion
29:36 Light Cavalry
31:09 Crop Rotation
32:52 Blast Furnace
32:15 Tusk Swords
32:25 Fletching
33:27 Stone Mining
35:02 Masonry
35:40 Bodkin Arrow
35:46 Padded Archer Armor
36:55 Bracer
37:58 Chemistry
36:43 Hussar
38:48 Leather Archer Armor
39:31 Gold Shaft Mining
40:06 Ring Archer Armor
39:58 Ballistics
40:09 Architecture
41:17 Gold Shaft Mining
41:59 Elite Ballista Elephant
42:34 Crossbowman
43:52 Stone Shaft Mining
43:24 Siege Engineers
44:03 Murder Holes
44:20 Fortified Wall
43:42 Arbalester
43:54 Capped Ram
47:39 Elite Skirmisher
50:12 Scale Mail Armor
Connection lost

Rejoining the realm…

Still unreachable

The connection could not be restored.

Session expired

The server has moved on; the page needs a fresh start.